 Dungeon Crawl Stone Soup version 0.30.1-4-g462c640d31 (webtiles) character file.

Game seed: 1028906174945021869

69866 mortz the Thaumaturge (level 15, -22/116 HPs)
             Began as a Gnoll Conjurer on Sept 9, 2023.
             Was the Champion of Elyvilon.
             Annihilated by an ettin
             ... wielding a +0 dire flail
              (35 damage)
             ... on level 2 of the Orcish Mines on Sept 11, 2023.
             The game lasted 02:56:21 (26597 turns).

mortz the Thaumaturge (Gnoll Conjurer)             Turns: 26597, Time: 02:56:21

Health: -22/116    AC: 16    Str: 14    XL:     15   Next: 31%
Magic:  17/30      EV: 17    Int: 25    God:    Elyvilon [******]
Gold:   1746       SH:  0    Dex: 15    Spells: 3/37 levels left

rFire   . . .        i - +7 scimitar (flame)
rCold   . . .        e - orb {light}
rNeg    . . .        X - +3 troll leather armour {Snorg}
rPois   .            R - +2 helmet
rElec   .            (no cloak)
rCorr   .            I - +1 pair of gloves
SInv    .            W - +0 pair of boots {Fly}
Will    +....        G - amulet of magic regeneration
Stlth   ++           J - +6 ring of intelligence
HPRegen 1.19/turn    K - +6 ring of strength
MPRegen 0.62/turn

%: no passive effects
@: flying, glowing
A: fangs 1, strong nose, distributed training
a: Renounce Religion, Purification, Heal Other, Heal Self, Divine Vigour


You were on level 2 of the Orcish Mines.
You worshipped Elyvilon.
Elyvilon was exalted by your worship.
You visited 4 branches of the dungeon, and saw 20 of its levels.
You also visited: Sewer and Volcano.

You collected 1746 gold pieces.

Inventory:

Hand Weapons
 i - a +7 scimitar of flaming (weapon)
 O - a +0 quick blade of flaming
 U - a +2 trident of freezing
Missiles
 s - 2 silver boomerangs
 z - 7 curare-tipped darts
 B - 4 throwing nets
Armour
 e - an orb of light (worn)
 j - a +0 kite shield of positive energy
 m - a +1 robe of cold resistance
 n - the +2 pair of boots of Mipt {rElec rC+}
   (You acquired it on level 1 of the Lair of Beasts)

   rC:        It protects you from cold.
   rElec:     It insulates you from electricity.
 E - a +2 robe of positive energy
 I - a +1 pair of gloves (worn)
 N - a +2 leather armour of fire resistance
 R - a +2 helmet (worn)
 W - a +0 pair of boots of flying (worn)
 X - a +3 troll leather armour (worn) {Snorg}
Jewellery
 k - a ring of ice
 w - a ring of see invisible
 D - an amulet of regeneration
 G - an amulet of magic regeneration (around neck)
 J - a +6 ring of intelligence (left hand)
 K - a +6 ring of strength (right hand)
 L - a +6 ring of strength
 Q - a ring of resist corrosion
 V - a ring of willpower
Wands
 t - a wand of iceblast (5)
 y - a wand of paralysis (30)
 M - a wand of digging (6)
 S - a wand of flame (8)
Scrolls
 a - 6 scrolls of poison
 g - a scroll of vulnerability
 o - 3 scrolls of amnesia
 p - 2 scrolls of teleportation
 x - a scroll of fear
 F - a scroll of summoning
 H - 5 scrolls of immolation
 P - 3 scrolls of fog
 Z - 3 scrolls of blinking
Potions
 b - 2 potions of mutation
 c - 6 potions of curing
 d - 2 potions of lignification
 f - 3 potions of attraction
 h - 3 potions of flight
 l - 8 potions of brilliance
 q - a potion of magic
 u - 3 potions of berserk rage
 v - 2 potions of heal wounds
 C - 4 potions of might
 T - 3 potions of cancellation
Miscellaneous
 r - a phial of floods
 A - a box of beasts
 Y - a condenser vane


   Skills:
 + Level 10.3 Fighting
 + Level 10.3 Short Blades
 + Level 10.3 Long Blades
 + Level 10.3 Axes
 + Level 10.3 Maces & Flails
 + Level 10.3 Polearms
 + Level 10.3 Staves
 + Level 10.3 Ranged Weapons
 + Level 10.3 Throwing
 + Level 10.3 Armour
 + Level 11.3 Dodging
 + Level 11.2 Stealth
 + Level 10.3 Shields
 + Level 10.3 Unarmed Combat
 + Level 11.5 Spellcasting
 + Level 11.2 Conjurations
 + Level 8.7 Hexes
 + Level 8.7 Summonings
 + Level 8.7 Necromancy
 + Level 8.7 Translocations
 + Level 8.7 Transmutations
 + Level 8.7 Fire Magic
 + Level 8.7 Ice Magic
 + Level 8.7 Air Magic
 + Level 8.7 Earth Magic
 + Level 8.7 Poison Magic
 + Level 11.2 Invocations
 + Level 10.3 Evocations


You had 3 spell levels left.
You knew the following spells:

 Your Spells              Type           Power      Damage    Failure   Level
a - Airstrike             Air            27%        2d(4-20)  1%          4
b - Searing Ray           Conj           100%       2d8       1%          2
c - Iskenderun's Mystic   Conj/Tloc      59%        2d12      1%          4
d - Magic Dart            Conj           100%       1d8       1%          1
f - Fireball              Conj/Fire      29%        3d13      2%          5
i - Iskenderun's Battles  Conj           63%        2d11      1%          5
j - Arcjolt               Conj/Air       29%        1d39      2%          5
p - Fulminant Prism       Conj/Hex       29%        3d14      1%          4
s - Summon Lightning Spi  Summ/Air       55%        N/A       1%          4

Your spell library contained the following spells:

 Spells                   Type           Power      Damage    Failure   Level
 Kiss of Death            Conj/Necr      100%       2d13      1%          1
 Static Discharge         Conj/Air       100%       2-7/arc   1%          2
 Confusing Touch          Hex            55%        N/A       1%          3
 Dazzling Flash           Conj/Hex       100%       N/A       1%          3
 Vhi's Electric Charge    Tloc/Air       100%       N/A       1%          3
 Dispel Undead            Necr           55%        3d20      1%          4
 Conjure Ball Lightning   Conj/Air       29%        3x3d8     13%         6
 Plasma Beam              Fire/Air       27%        2x1d44    22%         6
 Orb of Destruction       Conj           31%        9d10      38%         7


Dungeon Overview and Level Annotations

Branches:
Dungeon (12/15) Zot: 26130  Temple (1/1) D:5 Zot: 5900    Lair (5/5) D:11 Zot: 23029
 Shoals (0/4) Lair:2       Spider (0/4) Lair:3        Slime (0/5) Lair:4
    Orc (2/2) D:11 Zot: 11585   Sewer (visited)         Volcano (visited)
    Elf: Orc:2

Altars:
Ashenzari
Cheibriados
Dithmenos
Elyvilon
Fedhas
Gozag
Hepliaklqana
Kikubaaqudgha
Makhleb
Nemelex Xobeh
Okawaru
Qazlal
Sif Muna
Trog
Uskayaw
Vehumet
Wu Jian
Xom
Yredelemnul
Zin
The Shining One

Shops:
D:8 [   D:11 [

Portals:
Ice
Cave: Orc:1


Innate Abilities, Weirdness & Mutations

You have very sharp teeth.
Your uncanny sense of smell can sniff out nearby items.
Your experience applies equally to all skills.


Message History

The ettin completely misses you.
The ettin hits you with a +2 dire flail of venom!
* * * LOW HITPOINT WARNING * * *
The orc warrior hits you with a +0 scimitar.
* * * LOW HITPOINT WARNING * * *
The orc sorcerer gestures at you while chanting.
You resist with some effort.
You are healed.
You feel extremely sick. The ettin completely misses you.
The ettin hits you with a +2 dire flail of venom!!
* * * LOW HITPOINT WARNING * * *
You are more poisoned.
The orc warrior completely misses you.
Casting: Arcjolt (dangerous; 2% risk of failure)
Confirm with . or Enter, or press ? or * to list all spells.
Electricity surges outward!
The orc warrior is struck by an electric surge!!
You kill the orc warrior!
The ettin is struck by an electric surge!!
The ettin is almost dead.
* * * LOW HITPOINT WARNING * * *
You feel extremely sick. The ettin closely misses you. x2
Casting: Arcjolt (dangerous; 2% risk of failure)
Confirm with . or Enter, or press ? or * to list all spells.
Okay, then.
You are healed.
You feel extremely sick. The ettin completely misses you.
The ettin hits you with a +2 dire flail of venom!!
* * * LOW HITPOINT WARNING * * *
You are more poisoned.
The orc sorcerer wildly gestures.
You feel troubled.
You feel better.
The ettin hits you with a +0 dire flail!!
Elyvilon protects you from harm!
The ettin hits you with a +2 dire flail of venom!!
You die...

.#......#.##
............#
..#.........
$..#.......# ##
...........### ###...
.............##.#....
...o.#..C........#...
......)@)...........#
.$....).)#<.........#.
.....................
..........^........#
.....$$.....#......####
..........#........#..#
...............#.......
............#.........#
.....#............##


You could see an ettin and an orc sorcerer.

Vanquished Creatures
  Snorg (D:11)
  Erica (D:9)
  6 hydras
  A boulder beetle (Lair:5)
  A merfolk avatar (Lair:5)
  A catoblepas (Lair:3)
  2 tengu warriors (D:11)
  4 death yaks (Lair:2)
  The ghost of Esekla the Thaumaturge, a journeyman DENe of Vehumet (D:11)
  Sonja (Orc:2)
  A sun demon (Volcano)
  5 skysharks
  A lindwurm (Lair:5)
  2 manticores
  2 harpies (Lair:5)
  2 cyclopes (D:12)
  2 ugly things
  2 orc sorcerers
  30 elephants
  A merfolk siren (Lair:2)
  4 black mambas
  A torpor snail (Lair:3)
  An unseen horror (D:11)
  5 rime drakes
  11 cane toads
  9 komodo dragons
  2 red devils (Volcano)
  9 polar bears
  3 trolls
  3 merfolk (Lair:2)
  2 wind drakes
  2 hornets
  6 dream sheep (Lair:4)
  Prince Ribbit (D:7)
  16 blink frogs
  A snapping turtle (Lair:5)
  9 slime creatures
  2 wraiths
  2 shadows (D:11)
  2 culicivoras (Lair:3)
  A water elemental (D:12)
  64 yaks
  5 wyverns
  2 basilisks
  A steam dragon (Lair:5)
  6 redbacks (Lair:3)
  A warg (Orc:1)
  11 water moccasins
  An acid dragon (D:12)
  2 ice beasts
  11 orc warriors
  A sky beast (D:6)
  2 black bears
  21 wolves
  3 ogres
  6 centaurs
  A phantom (D:11)
  8 kobold brigands
  5 bullfrogs
  4 scorpions
  13 wights
  A troll zombie (D:11)
  2 electric eels
  A gnoll bouda (D:4)
  A hound (D:6)
  15 orc priests
  A sleepcap (D:6)
  An iguana (D:7)
  Natasha (thrice) (D:3)
  18 orc wizards
  5 ogre zombies (D:11)
  5 gnolls (D:4)
  A river rat (Sewer)
  4 adders
  A worm (D:2)
  4 dart slugs
  55 orcs
  8 ball pythons
  4 bats
  9 endoplasms
  3 giant cockroaches (D:4)
  6 goblins
  8 hobgoblins
  10 jackals
  41 kobolds
  10 quokkas
  5 frilled lizards (D:1)
  2 goblin skeletons (D:11)
  5 goblin zombies (D:11)
  A hobgoblin skeleton (D:11)
  An orc skeleton (D:11)
  10 orc zombies (D:11)
  10 rats
578 creatures vanquished.

Vanquished Creatures (others)
  A shadow (D:11)
  3 fulminant prisms (Lair:3)
4 creatures vanquished.

Grand Total: 582 creatures vanquished

Notes
Turn   | Place    | Note
-------+----------+-------------------------------------------
     0 | D:1      | mortz the Gnoll Conjurer began the quest for the Orb.
     0 | D:1      | Reached XP level 1. HP: 13/13 MP: 6/6
   148 | D:1      | Reached XP level 2. HP: 19/19 MP: 4/7
   151 | D:1      | Learned a level 2 spell: Searing Ray
   190 | D:1      | Found a faded altar of an unknown god.
   524 | D:1      | Reached skill level 5 in Spellcasting
   524 | D:1      | Reached XP level 3. HP: 25/25 MP: 1/9
   794 | D:1      | Reached skill level 1 in Invocations
  1369 | D:2      | Reached skill level 1 in Fighting
  1369 | D:2      | Reached skill level 1 in Short Blades
  1369 | D:2      | Reached skill level 1 in Long Blades
  1369 | D:2      | Reached skill level 1 in Axes
  1369 | D:2      | Reached skill level 1 in Maces & Flails
  1369 | D:2      | Reached skill level 1 in Polearms
  1369 | D:2      | Reached skill level 1 in Staves
  1369 | D:2      | Reached skill level 1 in Ranged Weapons
  1369 | D:2      | Reached skill level 1 in Throwing
  1369 | D:2      | Reached skill level 1 in Armour
  1369 | D:2      | Reached skill level 1 in Shields
  1369 | D:2      | Reached skill level 1 in Unarmed Combat
  1369 | D:2      | Reached skill level 1 in Evocations
  1548 | D:2      | Reached XP level 4. HP: 32/32 MP: 6/11
  1930 | D:2      | Reached skill level 1 in Hexes
  1930 | D:2      | Reached skill level 1 in Summonings
  1930 | D:2      | Reached skill level 1 in Necromancy
  1930 | D:2      | Reached skill level 1 in Translocations
  1930 | D:2      | Reached skill level 1 in Transmutations
  1930 | D:2      | Reached skill level 1 in Fire Magic
  1930 | D:2      | Reached skill level 1 in Ice Magic
  1930 | D:2      | Reached skill level 1 in Air Magic
  1930 | D:2      | Reached skill level 1 in Earth Magic
  1930 | D:2      | Reached skill level 1 in Poison Magic
  2511 | D:3      | Noticed Natasha
  2515 | D:3      | Killed Natasha
  2628 | D:3      | Found a white marble altar of Elyvilon.
  2636 | D:3      | Became a worshipper of Elyvilon the Healer
  2686 | D:3      | Reached XP level 5. HP: 37/37 MP: 10/12
  3124 | D:3      | Reached * piety under Elyvilon
  3245 | D:3      | Noticed Natasha
  3249 | D:3      | Killed Natasha
  3584 | D:3      | Found a white marble altar of Elyvilon.
  3629 | D:3      | Noticed Natasha
  3632 | D:3      | Killed Natasha
  3801 | D:4      | Found a glowing drain.
  3805 | Sewer    | Entered a sewer
  3921 | Sewer    | Noticed a kobold brigand
  3937 | Sewer    | Killed a kobold brigand
  3938 | Sewer    | Reached skill level 5 in Dodging
  3938 | Sewer    | Reached XP level 6. HP: 18/44 MP: 0/14
  4155 | Sewer    | Found a glowing silver altar of Zin.
  4341 | D:4      | Reached ** piety under Elyvilon
  4562 | D:4      | Reached XP level 7. HP: 46/50 MP: 10/15
  5304 | D:5      | Entered Level 5 of the Dungeon
  5412 | D:5      | Identified the +5 trident "Zithril" {drain, rF- rN+ Dex+5}
  5486 | D:5      | Reached skill level 5 in Stealth
  5696 | D:5      | Found a staircase to the Ecumenical Temple.
  5710 | D:5      | Identified the +8 whip of Aruecry {protect, *Corrode Str+2
                  | Dex+4}
  5723 | Temple   | Entered the Ecumenical Temple
  5985 | D:5      | Reached *** piety under Elyvilon
  6024 | D:5      | Reached XP level 8. HP: 58/58 MP: 8/16
  6029 | D:5      | Learned a level 4 spell: Iskenderun's Mystic Blast
  7053 | D:6      | Reached XP level 9. HP: 47/65 MP: 5/18
  8444 | D:7      | Noticed Prince Ribbit
  8460 | D:7      | Killed Prince Ribbit
  8461 | D:7      | Reached skill level 5 in Invocations
  8723 | D:7      | Found a blossoming altar of Fedhas.
  8858 | D:7      | Reached **** piety under Elyvilon
  9699 | D:7      | Reached skill level 5 in Fighting
  9699 | D:7      | Reached skill level 5 in Short Blades
  9699 | D:7      | Reached skill level 5 in Long Blades
  9699 | D:7      | Reached skill level 5 in Axes
  9699 | D:7      | Reached skill level 5 in Maces & Flails
  9699 | D:7      | Reached skill level 5 in Polearms
  9699 | D:7      | Reached skill level 5 in Staves
  9699 | D:7      | Reached skill level 5 in Ranged Weapons
  9699 | D:7      | Reached skill level 5 in Throwing
  9699 | D:7      | Reached skill level 5 in Armour
  9699 | D:7      | Reached skill level 5 in Shields
  9699 | D:7      | Reached skill level 5 in Unarmed Combat
  9699 | D:7      | Reached skill level 5 in Evocations
  9699 | D:7      | Reached XP level 10. HP: 74/74 MP: 4/20
 11083 | D:8      | Reached ***** piety under Elyvilon
 11296 | D:8      | Found Baf Quxt's Armour Shoppe.
 11891 | D:9      | Found a hide-covered altar of Uskayaw.
 12027 | D:9      | Found a snail-covered altar of Cheibriados.
 12373 | D:9      | Found an ancient bone altar of Kikubaaqudgha.
 12710 | D:9      | Found a shimmering blue altar of Sif Muna.
 13011 | D:9      | Noticed a manticore
 13024 | D:9      | Killed a manticore
 13024 | D:9      | Noticed Erica
 13323 | D:9      | Killed Erica
 13324 | D:9      | Reached skill level 5 in Hexes
 13324 | D:9      | Reached skill level 5 in Summonings
 13324 | D:9      | Reached skill level 5 in Necromancy
 13324 | D:9      | Reached skill level 5 in Translocations
 13324 | D:9      | Reached skill level 5 in Transmutations
 13324 | D:9      | Reached skill level 5 in Fire Magic
 13324 | D:9      | Reached skill level 5 in Ice Magic
 13324 | D:9      | Reached skill level 5 in Air Magic
 13324 | D:9      | Reached skill level 5 in Earth Magic
 13324 | D:9      | Reached skill level 5 in Poison Magic
 13324 | D:9      | Reached XP level 11. HP: 81/81 MP: 1/23
 13720 | D:9      | Found a glowing silver altar of Zin.
 13794 | D:10     | Entered Level 10 of the Dungeon
 14023 | D:10     | Learned a level 5 spell: Arcjolt
 14368 | D:10     | Noticed a boulder beetle
 14628 | D:10     | Pacified a boulder beetle
 15094 | D:10     | Found a burning altar of Makhleb.
 15095 | D:10     | Found an iron altar of Okawaru.
 15153 | D:11     | Noticed Snorg
 15166 | D:11     | Killed Snorg
 15678 | D:11     | Found a staircase to the Orcish Mines.
 16666 | D:11     | Noticed a purple ugly thing
 16672 | D:11     | Killed a purple ugly thing
 16755 | D:11     | Found a snail-covered altar of Cheibriados.
 16755 | D:11     | Found Cheibriados's Comfort Zone.
 16776 | D:11     | Learned a level 4 spell: Airstrike
 16781 | D:11     | Learned a level 4 spell: Summon Lightning Spire
 16989 | D:11     | Found a staircase to the Lair.
 17001 | D:11     | Noticed a tengu warrior
 17002 | D:11     | Noticed a tengu warrior
 17038 | D:11     | Killed a tengu warrior
 17039 | D:11     | Reached XP level 12. HP: 34/91 MP: 4/24
 17372 | D:11     | Found a runed translucent gate.
 17372 | D:11     | Found a runed translucent gate.
 17373 | D:11     | Found a runed translucent gate.
 17374 | D:11     | Noticed Esekla's ghost (journeyman DENe)
 17637 | D:11     | Killed a tengu warrior
 17795 | D:11     | Killed Esekla's ghost
 18047 | Lair:1   | Entered Level 1 of the Lair of Beasts
 18461 | Lair:1   | Noticed an eight-headed hydra
 18760 | Lair:1   | Found a dark tunnel.
 18769 | Volcano  | Entered a volcano
 18828 | Volcano  | Noticed a sun demon
 18844 | Volcano  | Killed a sun demon
 19636 | Lair:1   | Reached XP level 13. HP: 90/98 MP: 19/26
 20014 | Lair:1   | Identified a scroll of acquirement
 20015 | Lair:1   | Acquired the +2 pair of boots of Mipt {rElec rC+}
 20058 | Lair:2   | Found a staircase to the Shoals.
 20067 | Lair:2   | Reached skill level 10 in Conjurations
 20429 | Lair:2   | Reached skill level 10 in Spellcasting
 21030 | Lair:2   | Found a shimmering altar of Xom.
 21468 | Lair:3   | Reached skill level 10 in Dodging
 21981 | Lair:3   | Found a hole to the Spider Nest.
 22075 | Lair:3   | Learned a level 4 spell: Fulminant Prism
 22471 | Lair:4   | Reached skill level 10 in Stealth
 22550 | Lair:4   | Reached ****** piety under Elyvilon
 22683 | Lair:4   | Found a staircase to the Slime Pits.
 22722 | Lair:4   | Reached XP level 14. HP: 108/108 MP: 17/28
 22730 | Lair:4   | Reached skill level 10 in Invocations
 22839 | Lair:4   | Found a glowing golden altar of the Shining One.
 23346 | Lair:5   | Entered Level 5 of the Lair of Beasts
 24705 | Lair:5   | Reached skill level 10 in Fighting
 24705 | Lair:5   | Reached skill level 10 in Short Blades
 24705 | Lair:5   | Reached skill level 10 in Long Blades
 24705 | Lair:5   | Reached skill level 10 in Axes
 24705 | Lair:5   | Reached skill level 10 in Maces & Flails
 24705 | Lair:5   | Reached skill level 10 in Polearms
 24705 | Lair:5   | Reached skill level 10 in Staves
 24705 | Lair:5   | Reached skill level 10 in Ranged Weapons
 24705 | Lair:5   | Reached skill level 10 in Throwing
 24705 | Lair:5   | Reached skill level 10 in Armour
 24705 | Lair:5   | Reached skill level 10 in Shields
 24705 | Lair:5   | Reached skill level 10 in Unarmed Combat
 24705 | Lair:5   | Reached skill level 10 in Evocations
 24824 | Lair:5   | Reached XP level 15. HP: 110/115 MP: 25/30
 24898 | Lair:5   | Acquired a +0 quick blade of flaming
 25339 | Lair:5   | Identified the amulet of Bufelac {Reflect Harm SH+5 Stlth+}
 25990 | D:12     | Learned a level 5 spell: Iskenderun's Battlesphere
 25996 | D:12     | Learned a level 5 spell: Fireball
 26154 | Orc:1    | Entered Level 1 of the Orcish Mines
 26348 | Orc:2    | Entered Level 2 of the Orcish Mines
 26427 | Orc:2    | Noticed Sonja
 26441 | Orc:2    | Killed Sonja
 26589 | Orc:1    | Found a frozen archway.
 26595 | Orc:2    | HP: 2/116 [poisoned by an ettin]
 26597 | Orc:2    | Elyvilon protects you from harm!
 26597 | Orc:2    | Annihilated by an ettin

Illustrated notes

Levels and vault maps discovered:
D:1:      lordsloth_arrival_two_stooges, layout_loops_ring,
          shapermc_ecumenical_altar_mp_ritualfount, serial_bayou_pond_b
D:2:      kennysheep_big_flooded_room, layout_basic, minmay_parallelograms,
          minmay_fountain_box
D:3:      layout_basic, elyvilon_altar_3,
          nicolae_concentric_dashed_squares_wild, uniq_natasha
D:4:      layout_gridville, gup_sewer_entry_spiral
D:5:      layout_cave_pools, minmay_temple_entry_slanted
D:6:      layout_rooms
D:7:      layout_basic, fedhas_bush_and_centaur_altar, supply_closet_lemuel,
          st_stairs_5, roderic_lattice_a, uniq_prince_ribbit1
D:8:      layout_basic, serial_shops, shop, kennysheep_path_1
D:9:      layout_gridville, kennysheep_mini, mainiacjoe_overflow_tiny_flanked,
          zin_statuary, nicolae_sif_muna_condensation,
          mainiacjoe_overflow_paths, uniq_erica
D:10:     layout_roguey, nicolae_overflow_hidden_temple, due_unseen_surprise
D:11:     layout_loops_ring, lair_entry_dummy, zombieorc1_lemuel,
          ebering_ghost_rock_garden, grunt_ministairs_9, minmay_shop_chei,
          uniq_snorg
D:12:     layout_basic
Temple:   hellmonk_temple_of_storms
Lair:1:   layout_gridlike, enter_volcano_1, beast_lair_carwin_7
Lair:2:   layout_loops_ring, elwin_shoals_entry_stream, basic_altar,
          cheibrodos_lair_lostbears
Lair:3:   layout_roguey, nicolae_spider_entry_tight_spaces, grunt_megastairs_1,
          serial_bayou_shore_a
Lair:4:   layout_gridlike, dpeg_slime_entry_enclosed, basic_altar, st_stairs_4
Lair:5:   gammafunk_lair_ancient_temple, layout_cave_shapes
Orc:1:    layout_caves, portal_ice_cave_entry_pillars_1
Orc:2:    pf_orc_diabolical, layout_caves, basic_altar, uniq_sonja

Skill      XL: |  1  2  3  4  5  6  7  8  9 10 11 12 13 14 15 |
---------------+----------------------------------------------+-----
Spellcasting   | 5 6 7 8 9 10 11 | 11.5
Invocations    | 1 2 3 4 5 6 7 8 9 10 11 | 11.2
Fighting       | 1 2 3 5 6 7 8 9 10 | 10.3
Short Blades   | 1 2 3 5 6 7 8 9 10 | 10.3
Long Blades    | 1 2 3 5 6 7 8 9 10 | 10.3
Axes           | 1 2 3 5 6 7 8 9 10 | 10.3
Maces & Flails | 1 2 3 5 6 7 8 9 10 | 10.3
Polearms       | 1 2 3 5 6 7 8 9 10 | 10.3
Staves         | 1 2 3 5 6 7 8 9 10 | 10.3
Ranged Weapons | 1 2 3 5 6 7 8 9 10 | 10.3
Throwing       | 1 2 3 5 6 7 8 9 10 | 10.3
Armour         | 1 2 3 5 6 7 8 9 10 | 10.3
Shields        | 1 2 3 5 6 7 8 9 10 | 10.3
Unarmed Combat | 1 2 3 5 6 7 8 9 10 | 10.3
Evocations     | 1 2 3 5 6 7 8 9 10 | 10.3
Hexes          | 1 2 3 4 5 6 7 8 |  8.7
Summonings     | 1 2 3 4 5 6 7 8 |  8.7
Necromancy     | 1 2 3 4 5 6 7 8 |  8.7
Translocations | 1 2 3 4 5 6 7 8 |  8.7
Transmutations | 1 2 3 4 5 6 7 8 |  8.7
Fire Magic     | 1 2 3 4 5 6 7 8 |  8.7
Ice Magic      | 1 2 3 4 5 6 7 8 |  8.7
Air Magic      | 1 2 3 4 5 6 7 8 |  8.7
Earth Magic    | 1 2 3 4 5 6 7 8 |  8.7
Poison Magic   | 1 2 3 4 5 6 7 8 |  8.7
Dodging        | 5 6 7 8 9 10 11 | 11.3
Stealth        | 5 6 7 8 9 10 11 | 11.2
Conjurations   | 8 9 10 11 | 11.2

Action                     |  1- 3 |  4- 6 |  7- 9 | 10-12 | 13-15 || total
---------------------------+-------+-------+-------+-------+-------++-------
  Melee: Short sword       |     3 |     4 |     1 |       |       ||     8
         Dagger            |       |       |       |    12 |       ||    12
         Bite              |       |       |       |    21 |    61 ||    82
         Scimitar          |       |       |       |    73 |   324 ||   397
  Throw: Dart              |       |       |       |     1 |       ||     1
   Cast: Magic Dart        |    76 |    72 |   130 |   170 |    94 ||   542
         Searing Ray       |     1 |    19 |    86 |   120 |    20 ||   246
         Iskenderun's Myst |       |       |     6 |    48 |    23 ||    77
         Airstrike         |       |       |       |    14 |   294 ||   308
         Summon Lightning  |       |       |       |     1 |       ||     1
         Fulminant Prism   |       |       |       |       |     3 ||     3
         Arcjolt           |       |       |       |       |    27 ||    27
         Fireball          |       |       |       |       |     6 ||     6
 Invoke: Purification      |       |     1 |     2 |     2 |     1 ||     6
         Heal Self         |       |       |       |     1 |     5 ||     6
         Heal Other        |       |       |       |     4 |       ||     4
    Use: Scroll            |     3 |       |    12 |    12 |     6 ||    33
         Potion            |       |     3 |       |       |     1 ||     4
   Stab: Sleeping          |       |       |       |       |     1 ||     1
 Armour: Robe              |     5 |     4 |    18 |    24 |       ||    51
         Troll leather arm |       |       |       |   116 |   253 ||   369
  Dodge: Dodged            |     4 |    20 |    75 |   241 |   373 ||   713
